 Dungeon Crawl Stone Soup version 0.29.1-12-g30fa7ad0bf (webtiles) character file.

Game seed: 5323558889738617561

410 FaviusArthum the Grave Robber (level 6, -1/34 HPs)
             Began as a Deep Elf Necromancer on Jan 8, 2023.
             Was a Follower of Sif Muna.
             Slain by a phantom (3 damage)
             ... on level 3 of the Dungeon.
             The game lasted 00:26:17 (6237 turns).

FaviusArthum the Grave Robber (DENe)                Turns: 6237, Time: 00:26:18

Health: -1/34      AC:  2    Str:  5    XL:     6   Next: 58%
Magic:  17/17      EV: 13    Int: 28    God:    Sif Muna [*.....]
Gold:   173        SH:  0    Dex: 15    Spells: 13/17 levels left

rFire   . . .      SeeInvis .   B - +0 mace
rCold   . . .      Faith    .   (no shield)
rNeg    + . .      Spirit   .   a - +0 robe
rPois   .          Reflect  .   (no helmet)
rElec   .          Harm     .   (no cloak)
rCorr   .          Rampage  .   (no gloves)
Will    .....                   (no boots)
Stlth   ++........              (no amulet)
HPRegen 0.11/turn               f - +6 ring of intelligence
MPRegen 0.15/turn               r - ring of positive energy

@: no status effects
A: no striking features
a: Renounce Religion, Channel Magic


You were on level 3 of the Dungeon.
You worshipped Sif Muna.
Sif Muna was aware of your devotion.
You visited 1 branch of the dungeon, and saw 4 of its levels.

You collected 173 gold pieces.

Inventory:

Hand Weapons
 d - a +0 club
 e - a +0 whip
 h - a +0 dagger
 t - a +0 short sword
 x - a +0 quarterstaff
 y - a +0 long sword
 B - a +0 mace (weapon)
Missiles
 c - 3 poisoned darts
 m - 4 boomerangs
 D - 2 silver javelins
Armour
 a - a +0 robe (worn)
Magical Staves
 A - a staff of conjuration
Jewellery
 f - a +6 ring of intelligence (left hand)
 k - a ring of protection from cold
 r - a ring of positive energy (right hand)
Scrolls
 l - a scroll of magic mapping
 q - 2 scrolls of enchant armour
 z - a scroll of amnesia
 C - a scroll of fear
 E - 3 scrolls of enchant weapon {unknown}
Potions
 b - 2 potions of magic
 i - 2 potions of curing {unknown}
 n - a potion of attraction {unknown}
 o - 2 potions of might {unknown}
 p - 2 potions of brilliance {unknown}
 s - a potion of lignification {unknown}
 u - a potion of heal wounds {unknown}
 v - a potion of degeneration {unknown}
 w - a potion of mutation {unknown}


   Skills:
 + Level 1.1 Fighting
 + Level 0.5(0.7) Short Blades
 + Level 0.3(0.5) Long Blades
 + Level 3.1 Dodging
 + Level 3.2 Stealth
 + Level 6.0 Spellcasting
 + Level 7.2 Necromancy


You had 13 spell levels left.
You knew the following spells:

 Your Spells              Type           Power      Damage    Failure   Level
a - Necrotise             Necr           100%       1d9       1%          1
b - Vampiric Draining     Necr           48%        2d9       1%          3

Your spell library contained the following spells:

 Spells                   Type           Power      Damage    Failure   Level
 Animate Dead             Necr           48%        N/A       3%          4
 Agony                    Necr           48%        N/A       9%          5


Dungeon Overview and Level Annotations

Branches:
Dungeon (4/15)             Temple (0/1) D:4

Altars:
Fedhas
Sif Muna

Shops:
D:2 :


Message History

The phantom hits you!
The phantom blinks!
You blink.
The phantom hits you.
Aiming: Throw Flame
Press: ? - help, Shift-Dir - straight line, f/p - phantom
Aim: a phantom (lightly damaged, 56% to hit)
The puff of flame hits the phantom.
The phantom is moderately damaged.
The phantom hits you.
* * * LOW HITPOINT WARNING * * *
Aiming: Throw Flame
Press: ? - help, Shift-Dir - straight line, f/p - phantom
Aim: a phantom (moderately damaged, 56% to hit)
The puff of flame misses the phantom.
The phantom hits you.
* * * LOW HITPOINT WARNING * * *
Okay, then.
Casting: Necrotise (safe; 1% risk of failure)
Confirm with . or Enter, or press ? or * to list all spells.
You can't see any susceptible monsters within range! (Use Z to cast anyway.) It was a potion of cancellation.
You feel magically purged. The phantom hits you.
* * * LOW HITPOINT WARNING * * *
Aiming: Throw Flame
Press: ? - help, Shift-Dir - straight line, f/p - phantom
Aim: a phantom (moderately damaged, 56% to hit)
The puff of flame hits the phantom.
The phantom is heavily damaged.
The phantom closely misses you.
Aiming: Throw Flame
Press: ? - help, Shift-Dir - straight line, f/p - phantom
Aim: a phantom (heavily damaged, 56% to hit)
The puff of flame hits the phantom.
The phantom is severely damaged.
The now-empty wand crumbles to dust.
The phantom misses you.
Blink to where?
Press: ? - help, Dir - move target, p - phantom Blink to where?
Press: ? - help, Dir - move target, p - phantom
Okay, then.
As you read the scroll labelled LUICKORPHEL, it crumbles to dust.
It was a scroll of blinking.
The phantom hits you.
You die...

#.#.#.#.#.#.#.###### ### ###
.#.#.#.#.#.#.#.#...#
#...#.#.#'#'#'###W.#
##.###.#........#..#
##...###........#..# ###
#.....###.......##.########## #..
.......##......(##>.[.......# #.#
#.....###.......###########.###.#
##...####......W@......# #.#...#
#######...............# #.#...#
##.................# #.#....
#..................# #.#...#
#.....##...........####...#..
#.....#............##...#.#..
#....##...##...........##.##.
#....#8...8#...........#.....
#....##...##........⌠..#.####


You could see a phantom.

Vanquished Creatures
  3 vampire bats (D:3)
  A hound (D:4)
  Jessica (D:3)
  Robin (D:2)
  4 adders
  An orc (D:3)
  6 endoplasms
  6 giant cockroaches
  9 goblins
  14 hobgoblins
  4 jackals (D:1)
  6 quokkas
  4 ball pythons
  10 bats
  3 frilled lizards
  7 kobolds
  3 rats
83 creatures vanquished.

Vanquished Creatures (collateral kills)
  A black bear (D:4)
  An adder (D:3)
  2 goblins
  2 rats
6 creatures vanquished.

Vanquished Creatures (others)
  2 fungi (D:1)
  3 plants (D:1)
5 creatures vanquished.

Grand Total: 94 creatures vanquished

Notes
Turn   | Place    | Note
-------+----------+-------------------------------------------
     0 | D:1      | FaviusArthum the Deep Elf Necromancer began the quest for
                  | the Orb.
     0 | D:1      | Reached XP level 1. HP: 10/10 MP: 6/6
    35 | D:1      | Reached skill level 5 in Necromancy
   106 | D:1      | Reached XP level 2. HP: 10/15 MP: 2/8
   610 | D:1      | Found a faded altar of an unknown god.
   970 | D:1      | Reached XP level 3. HP: 19/19 MP: 10/10
  1296 | D:2      | Noticed Robin
  1420 | D:1      | Learned a level 3 spell: Vampiric Draining
  1830 | D:2      | Found Zut Kirr's Book Shop.
  1895 | D:2      | Killed Robin
  1896 | D:2      | Reached XP level 4. HP: 14/24 MP: 7/12
  2247 | D:2      | Found a shimmering blue altar of Sif Muna.
  2259 | D:2      | Became a worshipper of Sif Muna the Loreminder
  2758 | D:2      | Reached skill level 6 in Necromancy
  3561 | D:3      | Reached XP level 5. HP: 9/28 MP: 10/14
  4126 | D:3      | Reached skill level 5 in Spellcasting
  4360 | D:3      | Noticed Jessica
  4363 | D:3      | Killed Jessica
  4425 | D:3      | Reached * piety under Sif Muna
  4442 | D:3      | Reached XP level 6. HP: 22/32 MP: 11/16
  5436 | D:4      | Reached skill level 1 in Fighting
  5481 | D:4      | Found a blossoming altar of Fedhas.
  5640 | D:4      | Reached skill level 7 in Necromancy
  6237 | D:3      | Slain by a phantom

Illustrated notes

Levels and vault maps discovered:
D:1:      lemuel_arrival_funnel, layout_basic,
          shapermc_ecumenical_altar_acropolis
D:2:      layout_basic, basic_altar, serial_shops, shop, uniq_robin
D:3:      layout_basic, serial_corexii_hall, corexii_hall_statues_x,
          corexii_hall_statues_l, chequers_hall_statues_corner_a,
          solitary_fountain, roderic_batcave, nrook_mini_backslash, st_stairs_4,
          uniq_jessica
D:4:      layout_loops_ring, mainiacjoe_overflow_surrounded_room,
          lemuel_temple_firewalk_b, kennysheep_minor_cross

Skill      XL: |  1  2  3  4  5  6 |
---------------+-------------------+-----
Necromancy     | 5 6 7 |  7.2
Stealth        | 3 |  3.2
Spellcasting   | 4 5 6 |  6.0
Dodging        | 3 |  3.1
Fighting       | 1 |  1.1
Short Blades   | |  0.5
Long Blades    | |  0.3

Action                   |  1- 3 |  4- 6 || total
-------------------------+-------+-------++-------
Melee: Club              |     3 |       ||     3
       Dagger            |    17 |     8 ||    25
       Long sword        |       |     8 ||     8
       Whip              |       |    15 ||    15
       Mace              |       |    14 ||    14
       Punch             |       |     2 ||     2
Throw: Javelin           |       |     1 ||     1
 Cast: Necrotise         |    53 |    57 ||   110
       Vampiric Draining |     1 |     5 ||     6
Evoke: Wand              |       |     9 ||     9
  Use: Scroll            |     3 |     8 ||    11
       Potion            |       |     1 ||     1
 Stab: Sleeping          |     2 |       ||     2
Armor: Robe              |     6 |    17 ||    23
Dodge: Dodged            |    25 |    74 ||    99
